 Dungeon Crawl Stone Soup version 0.17-a0-1373-g64d4c99 (webtiles) character file.

662 bal the Ruffian (level 7, -6/66 HPs)
             Began as a Troll Transmuter on June 13, 2015.
             Was an Initiate of Dithmenos.
             Killed by divine providence
             ... invoked by an orc priest
              (14 damage)
             ... on level 6 of the Dungeon.
             The game lasted 00:17:24 (3445 turns).

bal the Ruffian (Troll Transmuter)                  Turns: 3445, Time: 00:17:24

Health: -6/66      AC: -7    Str: 20    XL:     7   Next: 30%
Magic:  8/9        EV: 11    Int: 10    God:    Dithmenos [......]
Gold:   146        SH:  0    Dex: 10    Spells: 3 memorised, 4 levels left

rFire  . . .     SeeInvis +       - Unarmed
rCold  . . .     Clarity  .     b - +0 robe
rNeg   . . .     SustAt   .     (no shield)
rPois  .         Gourm    +     f - +1 hat
rElec  .         Spirit   .     (no cloak)
rCorr  .         Warding  .     (gloves unavailable)
rMut   .         Stasis   .     (boots unavailable)
MR     .....                    (no amulet)
Stlth  +.........               u - ring of see invisible
                                g - +2 ring of protection

@: appendage (expiring), corroded equipment, not resistant to hostile
enchantments, very unstealthy
A: unfitting armour, claws 3, talons 3, fast metabolism 3, gourmand,
regeneration 2, shaggy fur 1, tough skin 2
a: End Transformation, Renounce Religion


You were on level 6 of the Dungeon.
You worshipped Dithmenos.
Dithmenos was noncommittal.
You were very full.
You had grown temporary talons.
You visited 2 branches of the dungeon, and saw 6 of its levels.

You collected 146 gold pieces.

Inventory:

Hand weapons
 p - a +0 war axe
Missiles
 e - 5 curare-tipped needles
 o - 14 poisoned needles
Armour
 b - a +0 robe (worn)
 f - a +1 hat (worn)
Jewellery
 g - a +2 ring of protection (left claw)
 s - a +4 ring of protection
 u - a ring of see invisible (right claw)
Scrolls
 h - a scroll of amnesia
 i - 5 scrolls of identify
 j - a scroll of fog {unknown}
 r - a scroll of remove curse
Potions
 l - a potion of might {unknown}
 m - a potion of mutation {unknown}
Books
 c - a book of Changes

   Spells                             Type                      Level
   a - Beastly Appendage              Transmutation                1
   b - Sticks to Snakes               Transmutation                2
   c - Spider Form                    Transmutation/Poison         3
   d - Ice Form                       Ice/Transmutation            4
   e - Blade Hands                    Transmutation                5
Comestibles
 d - 4 bread rations
 k - a slice of pizza
 n - a meat ration


   Skills:
 + Level 2.3 Fighting
 + Level 3.8 Dodging
 + Level 1.1 Stealth
 + Level 4.4 Unarmed Combat
 + Level 2.4 Spellcasting
 + Level 2.6 Transmutations


You had 4 spell levels left.
You knew the following spells:

 Your Spells              Type           Power        Failure   Level  Hunger
a - Beastly Appendage     Trmt           #.....       12%         1    ##.....
b - Sticks to Snakes      Trmt           #.........   17%         2    ###....
c - Spider Form           Trmt/Pois      #.........   65%         3    ####...


Dungeon Overview and Level Annotations

Branches:
Dungeon (6/15)             Temple (1/1) D:6

Altars:
Ashenzari
Cheibriados
Dithmenos
Elyvilon
Fedhas
Kikubaaqudgha
Makhleb
Nemelex Xobeh
Ru
Sif Muna
Trog
Vehumet
Xom
Yredelemnul
Zin
The Shining One

Shops:
D:6 *

Annotations:
D:6 Prince Ribbit


Innate Abilities, Weirdness & Mutations

You are too large for most types of armour.
You have claws for hands.
Your metabolism is lightning-fast.
You like to eat raw meat.
You heal very quickly.
You are covered in fur (AC +1).
You have very tough skin (AC +2).
You have claws for feet.


Message History

The jelly is moderately wounded.
The giant frog closely misses you. The jelly hits you.
You are splashed with acid!
The acid burns!
The orc hits you but does no damage.
The kobold hits you with an enchanted dagger.
The shadow imp grinds its teeth.
An orc comes into view. It is wielding a hand axe.
The giant frog is no longer bleeding.
The jelly hits you.
You are splashed with acid!
The acid burns!
The orc closely misses you. The giant frog closely misses you.
You see here a stone.
The orc hits you with a whip.
* * * LOW HITPOINT WARNING * * *
The shadow imp gestures at you. Pain shoots through your body!
* * * LOW HITPOINT WARNING * * *
The giant frog closely misses you.
The orc priest mumbles some strange prayers to Beogh against you.
Something smites you!
You die...

#.#.# #.#.# #.#.#
###.#.### ###
#$..oo..# ..#
#.......# #.#
#.(...oo##### #.#
#.....(JF@..####.#
#.....K.###.#....###
#.......# #........#
### #...5...#
###.####.# #..
#..#.#### ######.##
#.> #...#
#.....####.. #.##
#........#.. ..
###.#.##.##.
#.#.##.##.


You could see a giant frog, a jelly, an orc priest, a shadow imp, 3 orcs and a
kobold.

Vanquished Creatures
  2 ice beasts (D:6)
  A phantom (D:6)
  An ogre (D:4)
  A giant frog (D:6)
  A hound (D:6)
  An orc wizard (D:4)
  A worker ant (D:4)
  6 adders
  3 shadow imps (D:6)
  2 worms (D:2)
  A giant gecko (D:6)
  5 orcs
  A giant cockroach (D:3)
  8 hobgoblins
  10 jackals
  6 kobolds
  A quokka (D:6)
  16 bats
  A giant newt (D:4)
  5 goblins
  10 rats
  A butterfly (D:6)
84 creatures vanquished.

Vanquished Creatures (collateral kills)
  An orc wizard (D:3)
  A giant gecko (D:3)
  2 orcs (D:3)
  A goblin (D:3)
  A jackal (D:2)
  A kobold (D:2)
7 creatures vanquished.

Grand Total: 91 creatures vanquished

Notes
Turn   | Place    | Note
--------------------------------------------------------------
     0 | D:1      | bal the Troll Transmuter began the quest for the Orb.
     0 | D:1      | Reached XP level 1. HP: 18/18 MP: 1/1
   407 | D:1      | Reached XP level 2. HP: 24/26 MP: 2/2
   882 | D:1      | Learned a level 2 spell: Sticks to Snakes
  1023 | D:2      | Reached XP level 3. HP: 27/32 MP: 4/4
  1179 | D:2      | Found a faded altar to an unknown god.
  1301 | D:2      | Reached XP level 4. HP: 13/40 MP: 1/5
  1790 | D:3      | Reached skill level 1 in Fighting
  2021 | D:3      | Reached XP level 5. HP: 46/48 MP: 6/6
  2100 | D:3      | Found a glowing silver altar of Zin.
  2126 | D:3      | Learned a level 3 spell: Spider Form
  2364 | D:4      | Noticed an ogre
  2370 | D:4      | Killed an ogre
  2392 | D:4      | Reached skill level 4 in Unarmed Combat
  2467 | D:4      | Reached XP level 6. HP: 46/55 MP: 8/8
  2469 | D:4      | You fall through a shaft for 2 floors!
  2469 | D:6      | Found a shattered altar of Ashenzari.
  2513 | D:6      | Reached skill level 1 in Stealth
  2547 | D:6      | Noticed Prince Ribbit
  2696 | D:6      | Found Pysuapn's Assorted Antiques.
  2753 | D:6      | Reached XP level 7. HP: 60/65 MP: 7/9
  2884 | D:6      | Found a staircase to the Ecumenical Temple.
  2898 | Temple   | Entered the Ecumenical Temple
  3384 | Temple   | Became a worshipper of Dithmenos the Shadowed
  3445 | D:6      | Killed from afar by an orc priest

Vault maps used:
D:1:      ncdulo_wetmaze, serial_park_tiny_2, minmay_misc_feat_tower
D:2:      ecumenical_altar_1
D:3:      lemuel_doored_altar, st_stairs_6
D:4:      first_bread, serial_bayou_ford_a, uniq_natasha
D:6:      minmay_temple_entry_butterflies, serial_shops,
          nicolae_shop_behind_doors, gup_sewer_entry_spiral, basic_altar,
          uniq_prince_ribbit1
Temple:   minmay_temple_curvy_14

Action                   |  1- 3 |  4- 6 |  7- 9 || total
-------------------------+-------+-------+-------++-------
Melee: Unarmed           |    92 |   143 |    30 ||   265
 Cast: Beastly Appendage |     6 |     8 |     2 ||    16
       Sticks to Snakes  |     2 |    10 |       ||    12
  Use: Potion            |       |     4 |     1 ||     5
       Scroll            |       |     8 |       ||     8
 Stab: Sleeping          |       |       |     1 ||     1
  Eat: Chunk             |    12 |    16 |       ||    28
       Meat ration       |       |       |     2 ||     2
